 Dungeon Crawl Stone Soup version 0.20-a0-920-gb18bc0f (webtiles) character file.

21 FastMan the Shield-Bearer (level 3, -7/29 HPs)
             Began as a Formicid Fighter on Mar 26, 2017.
             Mangled by Sigmund
             ... wielding a +0 scythe
              (9 damage)
             ... on level 2 of the Dungeon.
             The game lasted 00:00:39 (1072 turns).

FastMan the Shield-Bearer (Formicid Fighter)        Turns: 1072, Time: 00:00:39

Health: -7/29      AC:  6    Str: 20    XL:     3   Next: 2%
Magic:  3/3        EV:  7    Int:  7    God:
Gold:   91         SH:  0    Dex: 11    Spells: 2/2 levels left

rFire    . . .     SeeInvis +   a - +0 war axe
rCold    . . .     Gourm    .   c - +0 shield
rNeg     . . .     Faith    .   b - +0 scale mail
rPois    .         Spirit   .   (helmet unavailable)
rElec    .         Reflect  .   j - scarf {repulsion}
rCorr    .         Harm     .   (no gloves)
MR       .....                  (no boots)
Stlth    ..........             (no amulet)
Regen    0.1/turn               (no ring)
MPRegen  0.1/turn               (no ring)

@: confused, repel missiles
A: permanent stasis, dig shafts and tunnels, four strong arms, antennae 3
a: Dig, Shaft Self


You were on level 2 of the Dungeon.
You were not hungry.

You visited 1 branch of the dungeon, and saw 2 of its levels.

You collected 91 gold pieces.

Inventory:

Hand Weapons
 a - a +0 war axe (weapon)
Armour
 b - a +0 scale mail (worn)
 c - a +0 shield (worn)
 j - a scarf of repulsion (worn)
Jewellery
 e - an uncursed ring of see invisible {unknown}
Scrolls
 i - 2 scrolls of remove curse {unknown}
 k - 2 scrolls of teleportation {unknown}
 l - a scroll of fog {unknown}
 m - 2 scrolls of magic mapping {unknown}
 o - a scroll of amnesia {unknown}
Potions
 d - a potion of might {@q4}
 h - a potion of berserk rage {unknown}
 n - a potion of agility {unknown}
Comestibles
 f - 2 bread rations {@e1}
 g - a chunk of flesh


   Skills:
 + Level 3.5 Fighting
 * Level 2.6 Axes
 + Level 3.4 Armour
 + Level 3.8 Shields


You had 2 spell levels left.
You didn't know any spells.

Dungeon Overview and Level Annotations

Branches:
Dungeon (2/15)

Altars:
Elyvilon
Wu Jian
The Shining One

Annotations:
D:2 Sigmund


Innate Abilities, Weirdness & Mutations

You cannot be hasted, slowed, berserked, paralysed or teleported.
You can dig through walls and to a lower floor.
Your four strong arms can wield two-handed weapons with a shield.
You have a pair of large antennae on your head. (SInv)


Message History

You barely miss Sigmund.
Sigmund is severely wounded.
Sigmund hits you with a scythe.
You are too injured to fight recklessly!
You closely miss Sigmund.
Sigmund is severely wounded.
You block Sigmund's attack.
You closely miss Sigmund.
Sigmund is severely wounded.
Sigmund hits you with a scythe!
* * * LOW HITPOINT WARNING * * *
You barely miss Sigmund.
Sigmund is severely wounded.
Sigmund points at you and mumbles some strange words.
You are confused.
You closely miss Sigmund.
Sigmund is severely wounded.
Sigmund gestures at you while chanting. You resist with some effort.
Sigmund hits you with a scythe!
You die...

#$ #. ###...## #.
####.##.....# .#####.
...#....#.#.# .......
.....#.#.#.#### 8......###
#...#...#....## .........#
#......##.##..# 8........#
###.............#
.........###...#...#.......#
8............@@<...#.._8_..#
.........###....#..#.......#
#........# #....#..#.......#
#........# #....#..#####...#
#........# #...##### #####
#........# #...# ##########
#...# #...# #####


You could see Sigmund (invisible).

Vanquished Creatures
  A leopard gecko (D:1)
  A ball python (D:1)
  A giant cockroach (D:2)
  5 hobgoblins
  2 jackals (D:1)
  A bat (D:1)
  A frilled lizard (D:1)
  2 goblins
  A kobold (D:1)
  3 rats
18 creatures vanquished.

Notes
Turn   | Place    | Note
-------+----------+-------------------------------------------
     0 | D:1      | FastMan the Formicid Fighter began the quest for the Orb.
     0 | D:1      | Reached XP level 1. HP: 18/18 MP: 1/1
   241 | D:1      | Reached XP level 2. HP: 13/24 MP: 2/2
   833 | D:1      | Found a glowing golden altar of the Shining One.
  1005 | D:2      | Found an ornate altar of the Wu Jian Council.
  1009 | D:2      | Found a white marble altar of Elyvilon.
  1016 | D:2      | Reached XP level 3. HP: 27/29 MP: 3/3
  1048 | D:2      | Noticed Sigmund
  1072 | D:2      | Mangled by Sigmund

Vault maps used:
D:1:      dpeg_arrival_brainrot, tso_altar
D:2:      eat_drink_and_be_merry_uskayaw,
          chequers_temple_overflow_statue_of_worship, uniq_crazy_yiuf_cottage,
          uniq_sigmund, uniq_robin

Action                   || total
-------------------------++-------
Melee: War axe           ||    88
  Eat: Chunk             ||     1
Armor: Scale mail        ||    32
Dodge: Dodged            ||    18
Block: Shield            ||    55
